[Event "41th GRE-ch Women 2018"]
[Site "Thessaloniki"]
[Date "2018.12.15"]
[Round "4"]
[White "Makka, Ioulia"]
[Black "Petraki, Evaggelia"]
[Result "1-0"]
[ECO "B15"]
[WhiteElo "2065"]
[BlackElo "1756"]
[Annotator "NA"]
[PlyCount "109"]
[EventDate "2018.12.12"]
[EventType "tourn"]
[EventCountry "GRE"]
[SourceTitle "playchess.com"]
[Source "ChessBase"]
[SourceQuality "1"]
[TimeControl "40/5400+30:1800+30"]

1. e4 c6 2. d4 d5 3. Nc3 dxe4 4. Nxe4 Nf6 5. Ng3 h5 6. h3 h4 7. N3e2 Bf5 8. Nf3 Ne4 9. Be3 Qb6 10. Qc1 Na6 11. c3 Nc7 12. Nf4 Nd5 13. Nxd5 cxd5 14. a4 a6 15. a5 Qd8 16. Be2 e6 17. Qd1 Bd6 18. Qa4+ Qd7 19. Qxd7+ Kxd7 20. O-O Rac8 21. Nd2 Nxd2 22. Bxd2 Bc2 23. b4 Bb3 24. Rfb1 Bc4 25. Bd1 Bb5 26. Bg4 Rhg8 27. f4 f5 28. Bd1 Rh8 29. Kf2 Rh6 30. Bf3 Bd3 31. Rb2 Rg6 32. Re1 Be4 33. b5 Rb8 34. Bxe4 fxe4 35. c4 Rf6 36. c5 Bxf4 37. Bxf4 Rxf4+ 38. Ke3 Rff8 39. Reb1 Kc7 40. bxa6 bxa6 41. Rb6 g5 42. R1b2 Rfe8 43. Rf2 Rxb6 44. axb6+ Kc6 45. Rf7 Rc8 46. Re7 a5 47. Rxe6+ Kb7 48. Re7+ Kc6 49. Ra7 Kb5 50. Rd7 Ra8 51. Rxd5 a4 52. Rf5 a3 53. Rf1 Re8 54. Ra1 Kb4 55. b7 1-0

[Event "41th GRE-ch Women 2018"]
[Site "Thessaloniki"]
[Date "2018.12.15"]
[Round "4"]
[White "Skaraki, Antigoni"]
[Black "Nikolaidou, Eleni"]
[Result "1-0"]
[ECO "A45"]
[WhiteElo "2012"]
[BlackElo "1707"]
[Annotator "NA"]
[PlyCount "157"]
[EventDate "2018.12.12"]
[EventType "tourn"]
[EventCountry "GRE"]
[SourceTitle "playchess.com"]
[Source "ChessBase"]
[SourceQuality "1"]
[TimeControl "40/5400+30:1800+30"]

1. d4 Nf6 2. Bf4 e6 3. Nc3 Bb4 4. a3 Bxc3+ 5. bxc3 c5 6. Qd3 d5 7. Bg5 cxd4 8. cxd4 Qa5+ 9. Qd2 Qxd2+ 10. Bxd2 Nc6 11. e3 O-O 12. Bd3 Bd7 13. Ne2 a6 14. Nc1 Rfc8 15. Nb3 Be8 16. f3 e5 17. Kf2 g6 18. Rab1 b5 19. Rb2 Nd7 20. e4 Nxd4 21. Nxd4 exd4 22. exd5 Nb6 23. d6 Nc4 24. Bxc4 Rxc4 25. Re1 Bd7 26. Re7 Be6 27. Bg5 Kg7 28. d7 h6 29. Rxe6 fxe6 30. d8=Q Rxd8 31. Bxd8 Kf7 32. Ke2 e5 33. Kd2 Ke6 34. Rb1 Kd7 35. Bf6 Ke6 36. Bg7 Rc7 37. Bxh6 Rh7 38. Bf8 Rxh2 39. Rg1 a5 40. Kd3 Rh8 41. Bg7 Rh7 42. Bxe5 Kxe5 43. Re1+ Kd5 44. Re4 Rh2 45. Rxd4+ Ke5 46. Rg4 Kf6 47. Kd4 Rh1 48. Kc5 Rb1 49. Rd4 Rb2 50. Rd2 b4 51. axb4 Rxb4 52. c4 Ke5 53. Re2+ Kf5 54. Ra2 Kf4 55. Rxa5 Rb2 56. Kd6 Rxg2 57. Ra3 Rd2+ 58. Kc6 Ke5 59. c5 g5 60. Kb7 Rb2+ 61. Kc7 Ke6 62. c6 Rb4 63. Kc8 g4 64. fxg4 Rxg4 65. c7 Ke7 66. Kb7 Rb4+ 67. Kc6 Rc4+ 68. Kb6 Rb4+ 69. Kc6 Rc4+ 70. Kb7 Rb4+ 71. Kc8 Rb2 72. Re3+ Kf7 73. Re4 Kf6 74. Kd7 Rd2+ 75. Kc6 Rc2+ 76. Kd6 Kf7 77. Re5 Kf6 78. Rc5 Rd2+ 79. Kc6 1-0

[Event "41th GRE-ch Women 2018"]
[Site "Thessaloniki"]
[Date "2018.12.16"]
[Round "5"]
[White "Fragkou, Eleni"]
[Black "Makka, Ioulia"]
[Result "0-1"]
[ECO "B12"]
[WhiteElo "2031"]
[BlackElo "2065"]
[Annotator "NA"]
[PlyCount "82"]
[EventDate "2018.12.12"]
[EventType "tourn"]
[EventCountry "GRE"]
[SourceTitle "playchess.com"]
[Source "ChessBase"]
[SourceQuality "1"]
[TimeControl "40/5400+30:1800+30"]

1. e4 c6 2. d4 d6 3. c4 Nd7 4. Nc3 g6 5. Be3 Bg7 6. Qd2 a6 7. Bd3 e5 8. Nge2 Ndf6 9. f3 h5 10. O-O h4 11. h3 Nh5 12. f4 Ng3 13. Rf3 Qe7 14. dxe5 Nxe2+ 15. Qxe2 dxe5 16. Qf2 exf4 17. Bc5 Qe5 18. Rxf4 Be6 19. Bb6 Ne7 20. Rf1 O-O 21. Rxh4 Nc8 22. Be3 Rd8 23. Be2 Nd6 24. Bf4 Qd4 25. Be3 Qe5 26. c5 Nc4 27. Bxc4 Bxc4 28. Re1 Rd3 29. Bf4 Qd4 30. Be3 Qe5 31. Bf4 Qe7 32. Be3 Rxe3 33. Rxe3 Bd4 34. Rg4 Qxc5 35. Nd1 Bxa2 36. b4 Qc1 37. Qxa2 Bxe3+ 38. Kh2 Qxd1 39. Rxg6+ Kf8 40. Rf6 Bg1+ 41. Kg3 Qe1+ 0-1

[Event "41th GRE-ch Women 2018"]
[Site "Thessaloniki"]
[Date "2018.12.16"]
[Round "5"]
[White "Androni, Konstantina"]
[Black "Skaraki, Antigoni"]
[Result "1-0"]
[ECO "E70"]
[WhiteElo "1912"]
[BlackElo "2012"]
[Annotator "NA"]
[PlyCount "69"]
[EventDate "2018.12.12"]
[EventType "tourn"]
[EventCountry "GRE"]
[SourceTitle "playchess.com"]
[Source "ChessBase"]
[SourceQuality "1"]
[TimeControl "40/5400+30:1800+30"]

1. d4 g6 2. e4 Bg7 3. c4 d6 4. Nc3 Nf6 5. Bg5 O-O 6. Qd2 c5 7. d5 Qa5 8. Bd3 Nbd7 9. f4 e6 10. Nge2 exd5 11. exd5 Re8 12. O-O b5 13. cxb5 Nxd5 14. f5 Bb7 15. Bh6 Nxc3 16. Nxc3 Bd4+ 17. Kh1 Ne5 18. fxg6 hxg6 19. Qf4 Qd8 20. Be4 d5 21. Bc2 Re6 22. Bg5 Qf8 23. Rad1 Rae8 24. Qh4 f5 25. Ne2 Ng4 26. Nxd4 cxd4 27. Rxd4 Qc5 28. Rxg4 fxg4 29. Bf6 Rxf6 30. Qxf6 Qe7 31. Qxg6+ Kh8 32. Qh5+ Kg8 33. Bg6 Rf8 34. Rxf8+ Kxf8 35. Qh8# 1-0

[Event "41th GRE-ch Women 2018"]
[Site "Thessaloniki"]
[Date "2018.12.16"]
[Round "5"]
[White "Tsivelekidou, Evgenia"]
[Black "Pavlidou, Ekaterini"]
[Result "0-1"]
[ECO "B30"]
[WhiteElo "1861"]
[BlackElo "2185"]
[Annotator "NA"]
[PlyCount "78"]
[EventDate "2018.12.12"]
[EventType "tourn"]
[EventCountry "GRE"]
[SourceTitle "playchess.com"]
[Source "ChessBase"]
[SourceQuality "1"]
[TimeControl "40/5400+30:1800+30"]

1. e4 c5 2. Nf3 Nc6 3. Bb5 Qc7 4. c3 Nf6 5. Qe2 a6 6. Ba4 b5 7. Bc2 e5 8. O-O d6 9. d3 h6 10. Nbd2 Be6 11. Rd1 g6 12. Nf1 Bg7 13. h3 d5 14. a4 O-O 15. Bd2 d4 16. cxd4 cxd4 17. Rdc1 Qd6 18. Qd1 Rfb8 19. Bb3 b4 20. a5 Bxb3 21. Qxb3 Rb5 22. Qc4 Rc8 23. Ra4 Bf8 24. Ng3 Nd7 25. h4 Ne7 26. Qa2 Rxc1+ 27. Bxc1 Nc5 28. h5 Nxa4 29. Qxa4 Qc5 30. Bd2 b3 31. hxg6 fxg6 32. Ne1 Nc6 33. f4 exf4 34. Bxf4 Qb4 35. Qa1 Bd6 36. Ne2 Bxf4 37. Nxf4 Qd2 38. Nd5 Rxa5 39. Qb1 Rc5 0-1

[Event "41th GRE-ch Women 2018"]
[Site "Thessaloniki"]
[Date "2018.12.16"]
[Round "5"]
[White "Petraki, Evaggelia"]
[Black "Markantonaki, Haritomeni"]
[Result "1-0"]
[ECO "B47"]
[WhiteElo "1756"]
[BlackElo "2152"]
[Annotator "NA"]
[PlyCount "113"]
[EventDate "2018.12.12"]
[EventType "tourn"]
[EventCountry "GRE"]
[SourceTitle "playchess.com"]
[Source "ChessBase"]
[SourceQuality "1"]
[TimeControl "40/5400+30:1800+30"]

1. e4 c5 2. Nf3 e6 3. d4 cxd4 4. Nxd4 Nc6 5. Nc3 Qc7 6. Qd3 a6 7. Nxc6 bxc6 8. Qg3 d6 9. Bc4 Ne7 10. Be3 Ng6 11. h4 Ne5 12. Bb3 c5 13. f4 Nc6 14. Rd1 Bd7 15. O-O O-O-O 16. Bc4 Kb7 17. f5 Ne5 18. Be2 Be7 19. Bf4 Bf6 20. Nb1 h5 21. Rd2 Bc6 22. Re1 Qb6 23. Na3 Bxe4 24. fxe6 fxe6 25. Bxa6+ Kxa6 26. Rxe4 Qc6 27. Re1 Rd7 28. Red1 Rhd8 29. Qe3 Rb8 30. Qe2+ Ka7 31. c3 Rbd8 32. Nc4 Nxc4 33. Qxc4 d5 34. Qe2 g6 35. Qf2 e5 36. Bg5 Bxg5 37. hxg5 d4 38. b4 cxb4 39. cxd4 Qb6 40. d5 Qxf2+ 41. Kxf2 Kb6 42. Ke3 Rf8 43. Rc1 Rd6 44. Ke4 Rf5 45. Rdc2 Rxg5 46. Rc6+ Rxc6 47. Rxc6+ Kb7 48. Rc2 Rf5 49. d6 Rf1 50. Kxe5 Re1+ 51. Kf6 Rd1 52. Ke7 Re1+ 53. Kd8 Rd1 54. d7 Rd3 55. Re2 Kc6 56. Kc8 Rxd7 57. Rc2+ 1-0

[Event "41th GRE-ch Women 2018"]
[Site "Thessaloniki"]
[Date "2018.12.16"]
[Round "5"]
[White "Nikolaidou, Eleni"]
[Black "Grapsa, Georgia"]
[Result "0-1"]
[ECO "E13"]
[WhiteElo "1707"]
[BlackElo "2097"]
[Annotator "NA"]
[PlyCount "64"]
[EventDate "2018.12.12"]
[EventType "tourn"]
[EventCountry "GRE"]
[SourceTitle "playchess.com"]
[Source "ChessBase"]
[SourceQuality "1"]
[TimeControl "40/5400+30:1800+30"]

1. d4 Nf6 2. c4 e6 3. Nc3 Bb4 4. Nf3 b6 5. Bg5 h6 6. Bh4 Bb7 7. e3 g5 8. Bg3 Ne4 9. Qc2 f5 10. Ne5 Qf6 11. Nd3 Bxc3+ 12. bxc3 d6 13. c5 bxc5 14. Rb1 Bc6 15. f3 Nxg3 16. hxg3 Nd7 17. Nf2 e5 18. g4 exd4 19. cxd4 f4 20. Ne4 Bxe4 21. Qxe4+ Kf7 22. Bb5 Nb6 23. O-O d5 24. Qc2 c4 25. Rbd1 c6 26. Ba4 fxe3 27. Rfe1 Rae8 28. Re2 Kg7 29. Rde1 h5 30. Rxe3 Rxe3 31. Rxe3 Nxa4 32. Qxa4 Qxd4 0-1

[Event "41th GRE-ch Women 2018"]
[Site "Thessaloniki"]
[Date "2018.12.17"]
[Round "6"]
[White "Pavlidou, Ekaterini"]
[Black "Petraki, Evaggelia"]
[Result "1-0"]
[ECO "E24"]
[WhiteElo "2185"]
[BlackElo "1756"]
[Annotator "NA"]
[PlyCount "59"]
[EventDate "2018.12.12"]
[EventType "tourn"]
[EventCountry "GRE"]
[SourceTitle "playchess.com"]
[Source "ChessBase"]
[SourceQuality "1"]
[TimeControl "40/5400+30:1800+30"]

1. d4 Nf6 2. c4 e6 3. Nc3 Bb4 4. a3 Bxc3+ 5. bxc3 d6 6. f3 Nh5 7. Nh3 f5 8. Bg5 Nf6 9. e4 h6 10. Bd2 fxe4 11. fxe4 e5 12. Nf2 Qe7 13. Be2 O-O $15 14. Qb1 Nbd7 15. O-O exd4 16. cxd4 c5 17. d5 Ne5 18. h3 Qe8 19. Bc3 Ng6 20. Qb2 Nh4 21. g3 Qg6 22. Kh2 Nh5 23. Bxh5 Qxh5 24. gxh4 Qf3 25. Ng4 Qxe4 26. Rxf8+ Kxf8 27. Bxg7+ Ke7 28. Rf1 Bxg4 29. hxg4 Qxg4 30. Qxb7+ 1-0

[Event "41th GRE-ch Women 2018"]
[Site "Thessaloniki"]
[Date "2018.12.17"]
[Round "6"]
[White "Markantonaki, Haritomeni"]
[Black "Fragkou, Eleni"]
[Result "1-0"]
[ECO "B90"]
[WhiteElo "2152"]
[BlackElo "2031"]
[Annotator "NA"]
[PlyCount "73"]
[EventDate "2018.12.12"]
[EventType "tourn"]
[EventCountry "GRE"]
[SourceTitle "playchess.com"]
[Source "ChessBase"]
[SourceQuality "1"]
[TimeControl "40/5400+30:1800+30"]

1. e4 c5 2. Nf3 d6 3. d4 cxd4 4. Nxd4 Nf6 5. Nc3 a6 6. Be3 e5 7. Nb3 Be6 8. f4 Ng4 9. Bd2 exf4 10. Bxf4 Nc6 11. Qd2 Be7 12. O-O-O O-O {[%emt 0:05:46] LiveBook: 4 Games} 13. h3 Nge5 14. Nd5 $14 Bxd5 15. exd5 Nb8 16. g4 Nbd7 17. Nd4 Nc5 18. Kb1 Qb6 19. g5 Rfc8 20. Nb3 Ncd7 21. h4 a5 22. a3 a4 23. Nc1 Ra5 24. Na2 Bf8 25. Nb4 Nc4 26. Bxc4 Rxc4 27. h5 Rb5 28. Rh3 Nc5 29. Be3 Qc7 30. g6 Ne4 31. gxh7+ Kh8 32. Qd3 Be7 33. Bd4 Nf6 34. h6 g6 35. Rf1 Rxd4 36. Qxd4 Qd8 37. Rhf3 1-0

[Event "41th GRE-ch Women 2018"]
[Site "Thessaloniki"]
[Date "2018.12.17"]
[Round "6"]
[White "Makka, Ioulia"]
[Black "Nikolaidou, Eleni"]
[Result "1-0"]
[ECO "B20"]
[WhiteElo "2065"]
[BlackElo "1707"]
[Annotator "NA"]
[PlyCount "81"]
[EventDate "2018.12.12"]
[EventType "tourn"]
[EventCountry "GRE"]
[SourceTitle "playchess.com"]
[Source "ChessBase"]
[SourceQuality "1"]
[TimeControl "40/5400+30:1800+30"]

1. e4 c5 2. c4 Nc6 3. Ne2 d6 4. d4 cxd4 5. Nxd4 Nf6 6. Nc3 e5 7. Nc2 h6 8. Be2 Be7 9. O-O O-O 10. b3 Qc7 $16 11. Bb2 Be6 12. Rc1 Rad8 13. Nd5 Qb8 14. Nxe7+ Nxe7 15. Bd3 Ng6 16. Re1 a6 17. Nb4 Nf4 18. Bf1 Rd7 19. Nd3 Nxd3 20. Qxd3 Nh5 21. g3 Qd8 22. Rcd1 Nf6 23. Rd2 Qb6 24. Qe3 Qc6 25. Qe2 Nh7 26. Bg2 Qc5 27. Qe3 Qa5 28. Bc3 Qd8 29. Red1 Nf6 30. h3 Ne8 31. f4 f6 32. c5 dxc5 33. Rxd7 Bxd7 34. Qxc5 Qc8 35. Qxc8 Bxc8 36. Bb4 Rf7 37. Rd8 Bd7 38. Bf3 Kh7 39. f5 Nc7 40. Bh5 Bc6 41. Bg6# 1-0

[Event "41th GRE-ch Women 2018"]
[Site "Thessaloniki"]
[Date "2018.12.17"]
[Round "6"]
[White "Skaraki, Antigoni"]
[Black "Grapsa, Georgia"]
[Result "0-1"]
[ECO "B26"]
[WhiteElo "2012"]
[BlackElo "2097"]
[Annotator "NA"]
[PlyCount "74"]
[EventDate "2018.12.12"]
[EventType "tourn"]
[EventCountry "GRE"]
[SourceTitle "playchess.com"]
[Source "ChessBase"]
[SourceQuality "1"]
[TimeControl "40/5400+30:1800+30"]

1. e4 c5 2. Nc3 d6 3. g3 Nc6 4. Bg2 g6 5. d3 Bg7 6. Be3 Rb8 7. Nge2 b5 8. Qd2 b4 9. Nd1 a5 10. c3 Ne5 11. f4 Bh3 $11 12. O-O Bxg2 13. Kxg2 Ng4 14. Bg1 f5 15. exf5 gxf5 16. h3 N4f6 17. Ne3 Nh6 18. a3 O-O 19. axb4 axb4 20. Qc2 Qb6 21. Nc4 Qb7+ 22. Kf2 Qh1 23. h4 Nhg4+ 24. Ke1 Qg2 25. Qd2 Ra8 26. Rc1 Rfb8 27. Ne3 Nxe3 28. Qxe3 Kf7 29. Kd2 bxc3+ 30. bxc3 Ra2+ 31. Ke1 Rbb2 32. Rf2 Rxe2+ 33. Rxe2 Rxe2+ 34. Qxe2 Qxg1+ 35. Kd2 Qxg3 36. Rf1 Nd5 37. Re1 Bxc3+ 0-1

[Event "41th GRE-ch Women 2018"]
[Site "Thessaloniki"]
[Date "2018.12.17"]
[Round "6"]
[White "Androni, Konstantina"]
[Black "Tsivelekidou, Evgenia"]
[Result "1/2-1/2"]
[ECO "E47"]
[WhiteElo "1912"]
[BlackElo "1861"]
[Annotator "NA"]
[PlyCount "102"]
[EventDate "2018.12.12"]
[EventType "tourn"]
[EventCountry "GRE"]
[SourceTitle "playchess.com"]
[Source "ChessBase"]
[SourceQuality "1"]
[TimeControl "40/5400+30:1800+30"]

1. d4 Nf6 2. c4 e6 3. Nc3 Bb4 4. e3 O-O 5. Bd3 d6 6. Nge2 c5 7. O-O Nc6 8. a3 Ba5 9. Bd2 Qe7 10. Ne4 $14 Bxd2 11. Qxd2 b6 12. b4 cxd4 13. exd4 Bb7 14. Rfe1 Rfc8 15. N4g3 a5 16. b5 Nb8 17. Nc3 d5 18. Qg5 Qd8 19. Nh5 Nxh5 20. Qxh5 g6 21. Qf3 Nd7 22. Rad1 dxc4 23. Qxb7 cxd3 24. Nb1 Nf6 25. Qf3 Qxd4 26. Rxd3 Qh4 27. g3 Qg5 28. Rd4 Nd5 29. h4 Qf6 30. Qd3 Qf5 31. Qxf5 gxf5 32. a4 Rc5 33. Nd2 Rac8 34. g4 fxg4 35. Rxg4+ Kf8 36. Kg2 Rc1 37. Rxc1 Rxc1 38. Nf3 Rc2 39. Kf1 Rc1+ 40. Ke2 Rc2+ 41. Ke1 Rb2 42. Ne5 Rb4 43. Rxb4 axb4 44. Kd2 Ke7 45. Kc2 f6 46. Nd3 Kd6 47. Kb3 e5 48. Nxb4 Ne7 49. Kc4 h5 50. Nc2 Nf5 51. Nb4 Ne7 1/2-1/2

[Event "41th GRE-ch Women 2018"]
[Site "Thessaloniki"]
[Date "2018.12.18"]
[Round "7"]
[White "Grapsa, Georgia"]
[Black "Makka, Ioulia"]
[Result "0-1"]
[ECO "A40"]
[WhiteElo "2097"]
[BlackElo "2065"]
[Annotator "NA"]
[PlyCount "80"]
[EventDate "2018.12.12"]
[EventType "tourn"]
[EventCountry "GRE"]
[SourceTitle "playchess.com"]
[Source "ChessBase"]
[SourceQuality "1"]
[TimeControl "40/5400+30:1800+30"]

1. d4 Nf6 2. c4 e6 3. g3 Bb4+ 4. Bd2 Qe7 5. Bg2 Nc6 6. Nf3 O-O 7. O-O Bxd2 8. Qxd2 d5 9. cxd5 exd5 10. Nc3 Rd8 11. Rac1 h6 12. Qc2 Bg4 13. Rfd1 Qe6 $14 14. Qb3 Rab8 15. a4 a6 16. Qa3 Ne4 17. Qa2 Nxc3 18. Rxc3 Qf6 19. Ne5 Nxe5 20. dxe5 Qxe5 21. Rxd5 Be6 22. e4 Bxd5 23. exd5 Qe1+ 24. Bf1 Rd7 25. Qc4 Re8 26. Qf4 Qe7 27. Bh3 Rd6 28. Re3 Qd8 29. Bg2 Rf6 30. Qd4 Rxe3 31. fxe3 Qd6 32. a5 b6 33. b4 bxa5 34. bxa5 Qa3 35. h4 Qxa5 36. Qe5 Qe1+ 37. Kh2 Rf2 38. Qe8+ Kh7 39. Qe4+ f5 40. Qd3 Qe2 0-1

[Event "41th GRE-ch Women 2018"]
[Site "Thessaloniki"]
[Date "2018.12.18"]
[Round "7"]
[White "Fragkou, Eleni"]
[Black "Pavlidou, Ekaterini"]
[Result "1/2-1/2"]
[ECO "B47"]
[WhiteElo "2031"]
[BlackElo "2185"]
[Annotator "NA"]
[PlyCount "77"]
[EventDate "2018.12.12"]
[EventType "tourn"]
[EventCountry "GRE"]
[SourceTitle "playchess.com"]
[Source "ChessBase"]
[SourceQuality "1"]
[TimeControl "40/5400+30:1800+30"]

1. e4 c5 2. Nf3 Nc6 3. d4 cxd4 4. Nxd4 e6 5. Nc3 Qc7 6. f4 Nxd4 7. Qxd4 a6 8. Be3 {[%emt 0:00:39] B47: Sicilian: Taimanov: 5 Nc3 Qc7 6 f4, 6 g3 and 6 Be2} (8. a4 b6 9. Be3 Rb8 10. Be2 Ne7 11. O-O Nc6 12. Qc4 Bc5 13. Bxc5 Na5 14. Qd3 bxc5 15. e5 Bb7 {½-½ (36) Shankland,S (2668)-Bruzon Batista,L (2673) Saint Louis 2018}) 8... b5 9. O-O-O Bb7 10. Bd3 Rc8 11. Kb1 Nf6 12. e5 {[%emt 0:03:17] LiveBook: 25 Games} Nd5 13. Ne4 Be7 14. Nd6+ Bxd6 15. exd6 Qxd6 16. Qxg7 {[%emt 0:00:42] [#]} Qf8 $146 17. Qd4 f6 18. c3 $16 Qe7 19. Rhe1 Rg8 20. Bf1 Bc6 21. Qd2 a5 22. Bd4 Kf7 23. Qf2 Rg4 24. g3 Kg8 25. h3 Rg7 26. g4 Rf7 27. Qg3 Qd6 28. g5 Qxf4 29. Qxf4 Nxf4 30. Bxf6 Nd5 31. Be5 Rf2 32. Bd3 Nf4 33. h4 Ng2 34. Rf1 Rxf1 35. Rxf1 Nxh4 36. Rf6 Nf5 37. Bxf5 exf5 38. Kc1 Rf8 39. Rxf8+ 1/2-1/2

[Event "41th GRE-ch Women 2018"]
[Site "Thessaloniki"]
[Date "2018.12.18"]
[Round "7"]
[White "Tsivelekidou, Evgenia"]
[Black "Skaraki, Antigoni"]
[Result "1-0"]
[ECO "B06"]
[WhiteElo "1861"]
[BlackElo "2012"]
[Annotator "NA"]
[PlyCount "107"]
[EventDate "2018.12.12"]
[EventType "tourn"]
[EventCountry "GRE"]
[SourceTitle "playchess.com"]
[Source "ChessBase"]
[SourceQuality "1"]
[TimeControl "40/5400+30:1800+30"]

1. d4 g6 2. Nc3 Bg7 3. e4 d6 4. Bf4 a6 5. Qd2 Nd7 6. Nf3 b5 7. a4 b4 8. Nd5 a5 9. Bd3 Bb7 10. c4 e6 11. Ne3 Ngf6 12. Qc2 h6 13. h3 {[%emt 0:11:54] [#]} Nh5 (13... e5 $1 $17 14. dxe5 dxe5 15. Bxe5 Nxe5 16. Nxe5 Nh5) 14. Bh2 e5 $11 15. dxe5 dxe5 16. c5 c6 17. O-O O-O 18. Nc4 Ba6 19. Rfd1 Bxc4 20. Qxc4 Qe7 21. Rac1 Rfd8 22. Bf1 Nf4 23. Rd6 Ne6 24. Rxc6 Kh7 25. b3 g5 26. Bg3 Rac8 27. Rxc8 Rxc8 28. c6 f6 29. Qa6 Rc7 30. Qxa5 Bf8 31. Qd5 Nb6 32. Qb5 Nc8 33. Qd5 Nb6 34. Qb5 Nc8 35. Kh2 Nd8 36. Qd5 Nb6 37. Qb5 Nc8 38. Qd5 Nb6 39. Qb5 Nc8 40. Qa6 Na7 41. Qb6 Nc8 42. Qb5 Na7 43. Qd5 h5 44. h4 g4 45. Ne1 Naxc6 46. Bc4 Nd4 47. Qg8+ Kh6 48. Nc2 N8c6 49. Ne3 Qg7 50. Qxg7+ Kxg7 51. Bd5 Bd6 52. Bxc6 Kf8 53. Nf5 Be7 54. Nxd4 1-0

[Event "41th GRE-ch Women 2018"]
[Site "Thessaloniki"]
[Date "2018.12.18"]
[Round "7"]
[White "Petraki, Evaggelia"]
[Black "Androni, Konstantina"]
[Result "1-0"]
[ECO "B07"]
[WhiteElo "1756"]
[BlackElo "1912"]
[Annotator "NA"]
[PlyCount "165"]
[EventDate "2018.12.12"]
[EventType "tourn"]
[EventCountry "GRE"]
[SourceTitle "playchess.com"]
[Source "ChessBase"]
[SourceQuality "1"]
[TimeControl "40/5400+30:1800+30"]

1. e4 d6 2. d4 Nf6 3. Nc3 e5 4. dxe5 dxe5 5. Qxd8+ Kxd8 6. Bg5 Be6 7. O-O-O+ Nbd7 8. Nf3 Kc8 9. Bh4 c6 10. Ng5 Nc5 11. Bg3 Nfd7 12. Nxe6 Nxe6 13. Bc4 Be7 14. Kb1 b5 15. Bxe6 fxe6 16. f3 Kc7 17. Rd3 Bf6 18. Rhd1 Nb6 19. b3 a5 20. Rd6 Rhe8 21. Bf2 Nd5 22. exd5 Kxd6 23. Ne4+ Ke7 24. d6+ Kf7 25. d7 Reb8 26. Nd6+ Kg6 27. Nc8 a4 28. Rd6 axb3 29. cxb3 Rxc8 30. dxc8=Q Rxc8 31. Bb6 Kf5 32. a4 bxa4 33. bxa4 c5 34. a5 c4 35. Kc2 e4 36. fxe4+ Ke5 37. Rd7 Kxe4 38. a6 Be5 39. h3 h5 40. a7 Bf6 41. Rc7 Ra8 42. Rxc4+ Kd5 43. Rc5+ Kd6 44. Rxh5 Kc6 45. Be3 Bd8 46. Rc5+ Kd7 47. Rc4 e5 48. Kd3 Bc7 49. Rg4 Kc6 50. Rxg7 Kb7 51. h4 Rh8 52. g3 e4+ 53. Kxe4 Re8+ 54. Kf3 Rf8+ 55. Bf4 Ka8 56. Ke3 Bxf4+ 57. gxf4 Re8+ 58. Kd3 Re3+ 59. Kd4 Re4+ 60. Kd5 Rxf4 61. Rg8+ Kxa7 62. Rh8 Kb7 63. Ke5 Rf1 64. Rd8 Kc7 65. Rd4 Re1+ 66. Kf6 Rf1+ 67. Kg6 Rg1+ 68. Kh6 Rh1 69. h5 Rh2 70. Rd5 Kc6 71. Rg5 Kd6 72. Kg6 Ke7 73. Kg7 Rf2 74. Re5+ Kd6 75. Re3 Rg2+ 76. Kh7 Kd7 77. h6 Rg1 78. Ra3 Ke7 79. Ra7+ Kf8 80. Rg7 Rh1 81. Rg5 Rf1 82. Kh8 Rf2 83. Rg8+ 1-0

[Event "41th GRE-ch Women 2018"]
[Site "Thessaloniki"]
[Date "2018.12.18"]
[Round "7"]
[White "Nikolaidou, Eleni"]
[Black "Markantonaki, Haritomeni"]
[Result "0-1"]
[ECO "B30"]
[WhiteElo "1707"]
[BlackElo "2152"]
[Annotator "NA"]
[PlyCount "80"]
[EventDate "2018.12.12"]
[EventType "tourn"]
[EventCountry "GRE"]
[SourceTitle "playchess.com"]
[Source "ChessBase"]
[SourceQuality "1"]
[TimeControl "40/5400+30:1800+30"]

1. e4 c5 2. Nf3 Nc6 3. c3 Nf6 4. e5 Nd5 5. Bc4 Nb6 6. Bb3 c4 7. Bc2 d6 8. exd6 Qxd6 9. Qe2 Bg4 10. b3 Qf6 11. Na3 cxb3 12. axb3 Nd5 13. O-O Nf4 (13... Bxf3 $1 $11 {remains equal.} 14. Qxf3 Qxf3 15. gxf3 e6) 14. Qe4 e6 15. d4 Bd6 $18 (15... Bxa3 $16 {might work better.} 16. Bxa3 Nh3+ 17. Kh1 Bxf3 18. gxf3 (18. Qxf3 Qxf3 19. gxf3 Nf4 $14) 18... O-O-O) 16. Nc4 Bc7 17. Re1 Nh3+ 18. Kf1 Bxf3 19. Qxf3 Qxf3 20. gxf3 O-O 21. Re4 g5 22. Kg2 Nf4+ 23. Bxf4 Bxf4 24. h4 h6 25. Ne3 Ne7 26. Rg1 Rfd8 27. Kf1 Kf8 28. Ng2 Bd2 29. c4 Nc6 30. hxg5 hxg5 31. f4 Nxd4 32. Bd1 f5 33. Re5 g4 34. Rh1 Kg7 35. Ne3 Nc6 36. Rxe6 Bxe3 37. Rxc6 bxc6 38. Bc2 Bxf4 39. Kg2 Rh8 40. Rd1 Rad8 0-1

[Event "41th GRE-ch Women 2018"]
[Site "Thessaloniki"]
[Date "2018.12.19"]
[Round "8"]
[White "Pavlidou, Ekaterini"]
[Black "Nikolaidou, Eleni"]
[Result "1-0"]
[ECO "D63"]
[WhiteElo "2185"]
[BlackElo "1707"]
[Annotator "NA"]
[PlyCount "95"]
[EventDate "2018.12.12"]
[EventType "tourn"]
[EventCountry "GRE"]
[SourceTitle "playchess.com"]
[Source "ChessBase"]
[SourceQuality "1"]
[TimeControl "40/5400+30:1800+30"]

1. d4 Nf6 2. c4 e6 3. Nf3 Be7 4. Nc3 d5 5. Bg5 c6 6. e3 Nbd7 7. Rc1 O-O 8. a3 Ne4 9. Bxe7 Qxe7 10. Qc2 {[%emt 0:18:33] LiveBook: 7 Games} f5 $14 (10... Nxc3 $11 11. Qxc3 dxc4) 11. Bd3 Ndf6 12. Ne5 g6 13. f3 Nd6 14. O-O Bd7 15. Rce1 Rad8 16. b4 dxc4 17. Bxc4 Nxc4 18. Nxc4 b6 19. Ne5 c5 20. dxc5 bxc5 21. b5 Qd6 22. Nc4 Qb8 23. a4 e5 24. f4 Rfe8 25. Nxe5 Rxe5 26. fxe5 Qxe5 27. Qd2 Re8 28. h3 Be6 29. Rc1 Bf7 30. Rfe1 Kg7 31. a5 Re7 32. Qb2 f4 33. e4 Qd4+ 34. Qf2 Qb4 35. a6 g5 36. e5 Nd7 37. e6 Rxe6 38. Red1 Nf6 39. Nd5 Nxd5 40. Rxd5 Qxb5 41. Rxg5+ Rg6 42. Rxg6+ hxg6 43. Rxc5 Qxa6 44. Qxf4 Qb6 45. Qe5+ Kh7 46. Kh2 Qd8 47. Rc7 Kg8 48. Rb7 1-0

[Event "41th GRE-ch Women 2018"]
[Site "Thessaloniki"]
[Date "2018.12.19"]
[Round "8"]
[White "Markantonaki, Haritomeni"]
[Black "Grapsa, Georgia"]
[Result "1-0"]
[ECO "B90"]
[WhiteElo "2152"]
[BlackElo "2097"]
[Annotator "NA"]
[PlyCount "77"]
[EventDate "2018.12.12"]
[EventType "tourn"]
[EventCountry "GRE"]
[SourceTitle "playchess.com"]
[Source "ChessBase"]
[SourceQuality "1"]
[TimeControl "40/5400+30:1800+30"]

1. e4 c5 2. Nf3 d6 3. d4 cxd4 4. Nxd4 Nf6 5. Nc3 a6 6. Be3 e5 7. Nb3 Be6 8. Qd2 Nbd7 9. O-O-O b5 10. f4 Rc8 11. f5 Bc4 12. Kb1 b4 13. Nd5 a5 14. Bxc4 Rxc4 15. Qd3 Rxe4 16. h3 Nxd5 17. Qxe4 N7f6 18. Qd3 $16 a4 19. Nc1 Qb8 20. Ne2 Be7 21. g4 h6 22. g5 hxg5 23. Bxg5 O-O 24. Rhg1 Rc8 25. Ka1 a3 26. b3 e4 27. Qd2 Nc3 28. Nxc3 Rxc3 29. Bh6 Ne8 30. Bxg7 Nxg7 31. Qh6 Qf8 32. f6 Bxf6 33. Qxf6 Rf3 34. Qh6 e3 35. Kb1 e2 36. Rde1 Rf2 37. Qe3 Rf6 38. Qxe2 Re6 39. Qg4 1-0